 Dungeon Crawl Stone Soup version 0.29.1-15-g9cfb28693d (webtiles) character file.

Game seed: 11692995289077620195

111 ThatPearl the Stinger (level 4, -2/33 HPs)
             Began as a Demonspawn Wanderer on Mar 11, 2023.
             Killed from afar by Natasha (9 damage)
             ... with a magic dart
             ... on level 3 of the Dungeon.
             The game lasted 00:10:09 (2379 turns).

ThatPearl the Stinger (Demonspawn Wanderer)         Turns: 2379, Time: 00:10:09

Health: -2/33      AC:  0    Str: 15    XL:     4   Next: 62%
Magic:  8/8        EV: 17    Int: 17    God:
Gold:   130        SH:  0    Dex: 13    Spells: 4/8 levels left

rFire   . . .      SeeInvis .   (weapon currently unavailable)
rCold   . . .      Faith    .   (shield currently unavailable)
rNeg    . . .      Spirit   .   (body armour currently unavailable)
rPois   .          Reflect  .   (helmet currently unavailable)
rElec   .          Harm     .   (cloak currently unavailable)
rCorr   .          Rampage  .   (gloves currently unavailable)
Will    .....                   (boots currently unavailable)
Stlth   +.........              t - amulet of regeneration
HPRegen 0.91/turn               (ring currently unavailable)
MPRegen 0.11/turn               (ring currently unavailable)

@: bat-form, flying, slowed, quick
A: fast, flying, no casting, tiny, powered by death 2, powered by pain 1
a: no special abilities


You were on level 3 of the Dungeon.
You were a bat.
You visited 1 branch of the dungeon, and saw 3 of its levels.

You collected 130 gold pieces.

Inventory:

Hand Weapons
 h - a +0 hand axe (melded)
Missiles
 d - 42 stones
 u - 5 poisoned darts
Armour
 c - a +0 ring mail (melded)
 f - a +0 helmet (melded)
 s - a +0 pair of gloves (melded)
Jewellery
 t - an amulet of regeneration (around neck)
Scrolls
 a - 5 scrolls of identify {unknown}
 b - a scroll of butterflies
 e - a scroll of amnesia {unknown}
 g - a scroll of teleportation {unknown}
 k - a scroll of enchant weapon {unknown}
 l - a scroll of torment {unknown}
 m - a scroll of noise {unknown}
 n - a scroll of fear {unknown}
 o - a scroll of blinking {unknown}
 q - a scroll of enchant armour {unknown}
Potions
 i - a potion of invisibility {unknown}
 j - a potion of haste {unknown}
 p - a potion of flight {unknown}
 r - a potion of might


   Skills:
 + Level 2.3 Fighting
 - Level 1.0 Armour
 + Level 2.7 Spellcasting
 + Level 2.3 Conjurations
 + Level 5.5 Poison Magic


You had 4 spell levels left.
You knew the following spells:

 Your Spells              Type           Power      Damage    Failure   Level
a - Sting                 Tmut/Pois      44%        1d5       6%          1
c - Mephitic Cloud        Conj/Pois/Air  11%        N/A       19%         3

Your spell library contained the following spells:

 Spells                   Type           Power      Damage    Failure   Level
 Shock                    Conj/Air       24%        1d4       11%         1
 Ensorcelled Hibernation  Hex/Ice        4%         N/A       26%         2
 Passwall                 Tmut/Erth      1%         N/A       26%         2
 Stone Arrow              Conj/Erth      12%        3d7       32%         3
 Swiftness                Air            2%         N/A       47%         3
 Corpse Rot               Necr/Pois/Air  8%         N/A       63%         4


Dungeon Overview and Level Annotations

Branches:
Dungeon (3/15)

Altars:

Annotations:
D:3 Natasha


Innate Abilities, Weirdness & Mutations

You are a bat.
You are tiny and dextrous.
You move quickly.
You are flying.
Your equipment is almost entirely melded.
You are incapable of wielding weapons or throwing items.
You cannot cast spells.
You regenerate health from kills.
You sometimes gain a little power by taking damage.


Message History

Your +0 hand axe melds into your body.
Your +0 helmet melds into your body.
Your +0 pair of gloves melds into your body.
Your +0 ring mail melds into your body.
You hit Natasha but do no damage.
Natasha is moderately wounded.
Natasha stares at you and mumbles some strange words.
You feel yourself slow down.
You hit Natasha but do no damage.
Natasha is heavily wounded.
Natasha casts a spell at you. The magic dart hits you!
Your magical contamination has completely faded away.
You hit Natasha but do no damage.
Natasha is heavily wounded.
Natasha completely misses you. Natasha misses you.
You hit Natasha but do no damage.
Natasha is heavily wounded.
The shadow imp disappears in a puff of smoke!
Natasha growls.
Natasha completely misses you.
Unknown command.
You hit Natasha but do no damage.
Natasha is heavily wounded.
Natasha closely misses you. Natasha claws you!
You hit Natasha.
Natasha is heavily wounded.
Natasha looks more healthy.
Natasha claws you! Natasha attacks as you move away! Natasha claws you.
* * * LOW HITPOINT WARNING * * *
Natasha stares at you and mumbles some strange words.
The magic dart hits you!
* * * LOW HITPOINT WARNING * * *
You focus on the pain.
You feel your power returning. Natasha attacks as you move away!
Natasha misses you. Natasha attacks as you move away! Natasha claws you.
* * * LOW HITPOINT WARNING * * *
Natasha attacks as you move away! Natasha barely misses you.
Natasha casts a spell at you. The magic dart hits you!
You die...

#.#.#######.# ###.#.# #.# ..
#.....# #.# ###### #.#
#.....# #.####...÷_# ..##
#.....# #.#.......÷#
...##.....#######.#.#8..÷.÷#
#..###.#.#.....h.#.#......#
#..##.#.#.##.......8.÷÷..#
##.##.#†#.##b######......#
#.......#.##.#.....8÷.÷..#
#.5##.#.#.##.#.####...8..#
#.....#.#.##.#.# #.#.#.##
#.#.#.....##.#.# #.#...#
#.#.....#.##.#<# #.#.###
#5#####.#.##.### #.# # #.
...>##.. ..# ## ####.# ##


You could see Natasha.

Vanquished Creatures
  6 adders
  A gnoll (D:1)
  A worm (D:3)
  2 dart slugs (D:1)
  A bat (D:1)
  5 endoplasms
  2 goblins
  4 hobgoblins
  4 jackals (D:1)
  2 quokkas (D:1)
  4 ball pythons
  2 frilled lizards
  2 kobolds
  4 rats
40 creatures vanquished.

Notes
Turn   | Place    | Note
-------+----------+-------------------------------------------
     0 | D:1      | ThatPearl the Demonspawn Wanderer began the quest for the
                  | Orb.
     0 | D:1      | ThatPearl set off with the following items: a +0 club, a
                  | scroll of butterflies, a +0 ring mail; and the following
                  | spells available to memorise: Sting, Shock, Mephitic Cloud,
                  | Stone Arrow, Corpse Rot.
     0 | D:1      | Reached XP level 1. HP: 15/15 MP: 3/3
     8 | D:1      | Learned a level 1 spell: Sting
   652 | D:1      | Gained mutation: You regenerate a little health from kills.
                  | [demonic ancestry]
   652 | D:1      | Reached XP level 2. HP: 19/21 MP: 3/5
  1007 | D:1      | Gained mutation: You sometimes gain a little power by
                  | taking damage. [demonic ancestry]
  1007 | D:1      | Reached XP level 3. HP: 19/27 MP: 2/6
  1729 | D:2      | Gained mutation: You regenerate health from kills. [demonic
                  | ancestry]
  1729 | D:2      | Reached XP level 4. HP: 32/33 MP: 4/7
  1923 | D:2      | Learned a level 3 spell: Mephitic Cloud
  2274 | D:3      | Found a faded altar of an unknown god.
  2320 | D:3      | Noticed Natasha
  2379 | D:3      | Killed from afar by Natasha

Illustrated notes

Levels and vault maps discovered:
D:1:      dpeg_arrival_rooms_b, layout_loops_cross
D:2:      layout_loops_ring
D:3:      layout_basic, shapermc_ecumenical_altar_pompeii, uniq_natasha

Skill      XL: |  1  2  3 |
---------------+----------+-----
Conjurations   | 2 |  2.3
Fighting       | 2 |  2.3
Armour         | |  1.0
Spellcasting   | |  2.7
Poison Magic   | |  5.5

Action                   |  1- 3 |  4- 6 || total
-------------------------+-------+-------++-------
Melee: Hand axe          |    83 |    31 ||   114
       Club              |    13 |       ||    13
       Punch             |     1 |       ||     1
       Unarmed           |       |     6 ||     6
Throw: Stone             |     4 |       ||     4
 Cast: Sting             |    26 |    10 ||    36
  Use: Potion            |     1 |       ||     1
Armor: Ring mail         |    57 |    18 ||    75
       Skin              |       |     2 ||     2
Dodge: Dodged            |    69 |    36 ||   105
